TOP OF THE 1ST |
Chicago (NYP) White Sox batting - Pitching for Vancouver Canadians : RHP Márcio Travanca
|
Pitching: RHP Márcio Travanca
|
|
Batting: RHB Jeremy Hoffert
|
0-0: Fly out, F8 (Line Drive, 8LM, EV 91.2 MPH)
|
Batting: RHB Emil Wilbrink
|
0-0: Ball 1-0: Ball 2-0: Fly out, F9 (Line Drive, 9D, EV 98.1 MPH)
|
Batting: LHB Brandon Hopper
|
0-0: Foul Ball, location: 2F 0-1: Called Strike 0-2: Foul Ball, location: 2F 0-2: Fly out, F3 (Flyball, 3D, EV 85.6 MPH)
|
Top of the 1st over - 0 runs, 0 hits, 0 errors, 0 left on base; Chicago (NYP) 0 - Vancouver 0 |
BOTTOM OF THE 1ST |
Vancouver Canadians batting - Pitching for Chicago (NYP) White Sox : LHP Isaiah Oates
|
Pitching: LHP Isaiah Oates
|
|
Batting: RHB Brian Manson
|
0-0: Called Strike 0-1: Ball 1-1: Foul Ball, location: 2F 1-2: Foul Ball, location: 2F 1-2: Ball 2-2: Foul Ball, location: 2F 2-2: Ball 3-2: Foul Ball, location: 2F 3-2: Strikes out looking
|
Batting: RHB Jordan Fairburn
|
0-0: Ball 1-0: Ball 2-0: Called Strike 2-1: Foul Ball, location: 2F 2-2: Strikes out swinging
|
Batting: RHB Taylor Peavey
|
0-0: Ball 1-0: Called Strike 1-1: Ground out 6-3 (Groundball, 6, EV 78.8 MPH)
|
Bottom of the 1st over - 0 runs, 0 hits, 0 errors, 0 left on base; Chicago (NYP) 0 - Vancouver 0 |
TOP OF THE 2ND |
Chicago (NYP) White Sox batting - Pitching for Vancouver Canadians : RHP Márcio Travanca
|
Batting: LHB Wes Goscinski
|
0-0: Ball 1-0: Foul Ball, location: 2F 1-1: Ball 2-1: Swinging Strike 2-2: Ground out U3 (Groundball, 3, EV 106.9 MPH)
|
Batting: LHB Jason Bell
|
0-0: Ball 1-0: Called Strike 1-1: SINGLE (Groundball, 34D, EV 105.0 MPH)
|
Batting: RHB Pat Pemberton
|
0-0: Ball 1-0: Foul Ball, location: 2F 1-1: Foul Ball, location: 2F 1-2: Grounds into double play, 5-4-3 (Groundball, 56, EV 108.1 MPH)
|
Top of the 2nd over - 0 runs, 1 hit, 0 errors, 0 left on base; Chicago (NYP) 0 - Vancouver 0 |
BOTTOM OF THE 2ND |
Vancouver Canadians batting - Pitching for Chicago (NYP) White Sox : LHP Isaiah Oates
|
Batting: RHB Josh Swartzentruber
|
0-0: Ball 1-0: Swinging Strike 1-1: Ball 2-1: Called Strike 2-2: Ball 3-2: Base on Balls
|
Batting: RHB Justin Geiger
|
0-0: Fielders Choice at 2nd, 3-6 (Groundball, 34S, EV 88.1 MPH)
|
Batting: RHB Bryan Peterson
|
0-0: Called Strike 0-1: SINGLE (Line Drive, 7S, EV 101.9 MPH) Justin Geiger to second
|
Batting: RHB Lamberto Amicis
|
0-0: Ball Justin Geiger steals 3rd base Bryan Peterson to second 1-0: Ground out 6-3 (Groundball, 6, EV 78.8 MPH) Justin Geiger scores Bryan Peterson to third
|
Batting: RHB Carlos Ramirez
|
0-0: Ground out 6-3 (Groundball, 6, EV 94.4 MPH)
|
Bottom of the 2nd over - 1 run, 1 hit, 0 errors, 1 left on base; Chicago (NYP) 0 - Vancouver 1 |
TOP OF THE 3RD |
Chicago (NYP) White Sox batting - Pitching for Vancouver Canadians : RHP Márcio Travanca
|
Batting: RHB Victor Orozco
|
0-0: Ball 1-0: Ball 2-0: Ball 3-0: Base on Balls
|
Batting: SHB Jason Bresnahan
|
0-0: Ball 1-0: Ball 2-0: Ball 3-0: Base on Balls Victor Orozco to second
|
Batting: RHB David Laureano
|
0-0: Ball 1-0: Swinging Strike 1-1: Swinging Strike 1-2: Foul Ball, location: 2F 1-2: Ball 2-2: Ball 3-2: Strikes out swinging
|
Batting: RHB Jeremy Hoffert
|
0-0: Ball 1-0: SINGLE (Line Drive, 7LS, EV 97.5 MPH) Victor Orozco to third Jason Bresnahan to second
|
Batting: RHB Emil Wilbrink
|
0-0: Foul Ball, location: 2F 0-1: Ball 1-1: Ball 2-1: Ball 3-1: SINGLE (Groundball, 34D, EV 98.8 MPH) Victor Orozco scores Jason Bresnahan to third Jeremy Hoffert to second Runner from 3rd tries for Home, SAFE, throw by RF to home
|
Batting: LHB Brandon Hopper
|
0-0: DOUBLE (Line Drive, 3D, EV 94.4 MPH) Jeremy Hoffert scores Emil Wilbrink to third Runner from 3rd tries for Home, SAFE, no throw by RF
|
Batting: LHB Wes Goscinski
|
0-0: Foul Ball, location: 2F 0-1: Foul Ball, location: 2F 0-2: Ball 1-2: Strikes out swinging
|
Batting: LHB Jason Bell
|
0-0: Ball 1-0: Ground out 4-3 (Groundball, 4, EV 96.9 MPH)
|
Top of the 3rd over - 4 runs, 3 hits, 0 errors, 1 left on base; Chicago (NYP) 4 - Vancouver 1 |
BOTTOM OF THE 3RD |
Vancouver Canadians batting - Pitching for Chicago (NYP) White Sox : LHP Isaiah Oates
|
Batting: RHB Justin Powell
|
0-0: Called Strike 0-1: Ball 1-1: Ball 2-1: Foul Ball, location: 2F 2-2: Ball 3-2: Ground out 5-3 (Groundball, 56S, EV 86.9 MPH)
|
Batting: RHB Brian Manson
|
0-0: Ball 1-0: Ball 2-0: Called Strike 2-1: Ball 3-1: Base on Balls
|
Batting: RHB Jordan Fairburn
|
0-0: Ball Brian Manson steals 2nd base 1-0: Foul Ball, location: 2F 1-1: Ground out 6-3 (Groundball, 6, EV 76.9 MPH) Brian Manson to third
|
Batting: RHB Taylor Peavey
|
0-0: Ball Wild Pitch! Brian Manson scores 1-0: Called Strike 1-1: Ball 2-1: Foul Ball, location: 2F 2-2: Foul Ball, location: 2F 2-2: Foul Ball, location: 2F 2-2: Fly out, F9 (Flyball, 9LM, EV 89.4 MPH)
|
Bottom of the 3rd over - 1 run, 0 hits, 0 errors, 0 left on base; Chicago (NYP) 4 - Vancouver 2 |
TOP OF THE 4TH |
Chicago (NYP) White Sox batting - Pitching for Vancouver Canadians : RHP Márcio Travanca
|
Batting: RHB Pat Pemberton
|
0-0: Called Strike 0-1: Ground out 4-3 (Groundball, 4, EV 85.6 MPH)
|
Batting: RHB Victor Orozco
|
0-0: Ball 1-0: Called Strike 1-1: Ball 2-1: Called Strike 2-2: Foul Ball, location: 2F 2-2: Foul Ball, location: 2F 2-2: Ground out 4-3 (Groundball, 4S, EV 80.0 MPH)
|
Batting: SHB Jason Bresnahan
|
0-0: Ground out 1-3 (Groundball, 15S, EV 67.5 MPH)
|
Top of the 4th over - 0 runs, 0 hits, 0 errors, 0 left on base; Chicago (NYP) 4 - Vancouver 2 |
BOTTOM OF THE 4TH |
Vancouver Canadians batting - Pitching for Chicago (NYP) White Sox : LHP Isaiah Oates
|
Batting: RHB Josh Swartzentruber
|
0-0: Fly out, F7 (Flyball, 78D, EV 105.6 MPH)
|
Batting: RHB Justin Geiger
|
0-0: Ball 1-0: Swinging Strike 1-1: Ball 2-1: Ball 3-1: Base on Balls
|
Batting: RHB Bryan Peterson
|
0-0: Ball 1-0: Ball 2-0: Ball 3-0: Called Strike 3-1: Fly out, F8 (Flyball, 8LS, EV 86.2 MPH)
|
Batting: RHB Lamberto Amicis
|
0-0: Ball Justin Geiger steals 2nd base 1-0: Foul Ball, location: 2F 1-1: Ball 2-1: Ball 3-1: Ground out 6-3 (Groundball, 6, EV 86.2 MPH)
|
Bottom of the 4th over - 0 runs, 0 hits, 0 errors, 1 left on base; Chicago (NYP) 4 - Vancouver 2 |
TOP OF THE 5TH |
Chicago (NYP) White Sox batting - Pitching for Vancouver Canadians : RHP Márcio Travanca
|
Batting: RHB David Laureano
|
0-0: Foul Ball, location: 2F 0-1: Foul Ball, location: 2F 0-2: Ball 1-2: Foul Ball, location: 2F 1-2: Strikes out swinging
|
Batting: RHB Jeremy Hoffert
|
0-0: Ball 1-0: Swinging Strike 1-1: Ball 2-1: Foul Ball, location: 2F 2-2: Ground out 6-3 (Groundball, 56, EV 77.5 MPH)
|
Batting: RHB Emil Wilbrink
|
0-0: Ball 1-0: Swinging Strike 1-1: Ball 2-1: Swinging Strike 2-2: Ball 3-2: Ground out 3-1 (Groundball, 34S, EV 88.1 MPH)
|
Top of the 5th over - 0 runs, 0 hits, 0 errors, 0 left on base; Chicago (NYP) 4 - Vancouver 2 |
BOTTOM OF THE 5TH |
Vancouver Canadians batting - Pitching for Chicago (NYP) White Sox : LHP Isaiah Oates
|
Batting: RHB Carlos Ramirez
|
0-0: Foul Ball, location: 2F 0-1: Ball 1-1: Swinging Strike 1-2: Ball 2-2: Ball 3-2: Foul Ball, location: 2F 3-2: Base on Balls
|
Batting: RHB Justin Powell
|
0-0: Ball Carlos Ramirez is caught stealing 2nd base 2-4 1-0: Ball 2-0: Ball 3-0: Base on Balls
|
Batting: RHB Brian Manson
|
0-0: Called Strike Justin Powell steals 2nd base 0-1: Ball Passed Ball! Justin Powell to third 1-1: TRIPLE (Line Drive, 9LD, EV 108.8 MPH) Justin Powell scores
|
Batting: RHB Jordan Fairburn
|
0-0: Swinging Strike 0-1: Swinging Strike 0-2: Ball 1-2: Strikes out looking
|
Batting: RHB Taylor Peavey
|
0-0: Ball 1-0: Called Strike 1-1: Fly out, F7 (Flyball, 7, EV 76.2 MPH)
|
Bottom of the 5th over - 1 run, 1 hit, 0 errors, 1 left on base; Chicago (NYP) 4 - Vancouver 3 |
TOP OF THE 6TH |
Chicago (NYP) White Sox batting - Pitching for Vancouver Canadians : RHP Márcio Travanca
|
Batting: LHB Brandon Hopper
|
0-0: Ball 1-0: Ball 2-0: Called Strike 2-1: Ball 3-1: Swinging Strike 3-2: Base on Balls
|
Batting: LHB Wes Goscinski
|
0-0: Foul Ball, location: 2F 0-1: Fielders Choice at 2nd, 4-6 (Groundball, 4, EV 106.2 MPH)
|
Batting: LHB Jason Bell
|
0-0: Ball 1-0: Called Strike 1-1: Ball 2-1: Ball 3-1: Called Strike 3-2: Strikes out swinging
|
Batting: RHB Pat Pemberton
|
0-0: Called Strike 0-1: Hit by Pitch Wes Goscinski to second
|
Pitching: LHP Justin Dine
|
|
Batting: RHB Victor Orozco
|
0-0: Called Strike 0-1: Swinging Strike 0-2: Ball 1-2: Ball 2-2: Fly out, F4 (Line Drive, 4, EV 74.4 MPH)
|
Top of the 6th over - 0 runs, 0 hits, 0 errors, 2 left on base; Chicago (NYP) 4 - Vancouver 3 |
BOTTOM OF THE 6TH |
Vancouver Canadians batting - Pitching for Chicago (NYP) White Sox : LHP Isaiah Oates
|
Batting: RHB Josh Swartzentruber
|
0-0: Ground out 6-3 (Groundball, 56, EV 91.2 MPH)
|
Batting: RHB Justin Geiger
|
0-0: Called Strike 0-1: Ball 1-1: Foul Ball, location: 2F 1-2: SINGLE (Flyball, 8LS, EV 95.6 MPH)
|
Batting: RHB Bryan Peterson
|
0-0: Ball 1-0: Ball Passed Ball! Justin Geiger to second 2-0: Called Strike 2-1: Ball 3-1: Base on Balls
|
Batting: RHB Lamberto Amicis
|
0-0: Ball 1-0: Ball Wild Pitch! Justin Geiger to third Bryan Peterson to second 2-0: Ball 3-0: Called Strike 3-1: Foul Ball, location: 2F 3-2: Fly out, F8 (Line Drive, 8LM, EV 100.6 MPH)
|
Pitching: LHP Wang Jing
|
|
Batting: RHB Carlos Ramirez
|
0-0: Hit by Pitch
|
Batting: RHB Justin Powell
|
0-0: Reached on error, E5 (Groundball, 56S, EV 90.0 MPH) Justin Geiger scores Bryan Peterson to third Carlos Ramirez to second
|
Batting: RHB Brian Manson
|
0-0: Called Strike 0-1: SINGLE (Groundball, 5S, EV 74.4 MPH) (infield hit) Bryan Peterson scores Carlos Ramirez to third Justin Powell to second
|
Batting: RHB Jordan Fairburn
|
0-0: Called Strike 0-1: Foul Ball, location: 2F 0-2: Fielders Choice at 2nd, 6-4 (Groundball, 6, EV 108.8 MPH)
|
Bottom of the 6th over - 2 runs, 2 hits, 1 error, 3 left on base; Chicago (NYP) 4 - Vancouver 5 |
TOP OF THE 7TH |
Chicago (NYP) White Sox batting - Pitching for Vancouver Canadians : LHP Justin Dine
|
Batting: SHB Jason Bresnahan
|
0-0: Called Strike 0-1: Ball 1-1: Ball 2-1: Ball 3-1: Foul Ball, location: 2F 3-2: Ground out 4-3 (Groundball, 34, EV 86.2 MPH)
|
Batting: RHB David Laureano
|
0-0: Fly out, F8 (Flyball, 8RD, EV 110.0 MPH)
|
Batting: RHB Jeremy Hoffert
|
0-0: Ball 1-0: Swinging Strike 1-1: Ball 2-1: Ball 3-1: Foul Ball, location: 2F 3-2: Foul Ball, location: 2F 3-2: Base on Balls
|
Batting: RHB Emil Wilbrink
|
0-0: Ball 1-0: Called Strike 1-1: Called Strike 1-2: Ground out 4-3 (Groundball, 4, EV 85.6 MPH)
|
Top of the 7th over - 0 runs, 0 hits, 0 errors, 1 left on base; Chicago (NYP) 4 - Vancouver 5 |
BOTTOM OF THE 7TH |
Vancouver Canadians batting - Pitching for Chicago (NYP) White Sox : LHP Wang Jing
|
Batting: RHB Taylor Peavey
|
0-0: Ball 1-0: Called Strike 1-1: Ball 2-1: Called Strike 2-2: Ground out 5-3 (Groundball, 5L, EV 80.6 MPH)
|
Batting: RHB Josh Swartzentruber
|
0-0: Called Strike 0-1: Called Strike 0-2: Ball 1-2: Foul Ball, location: 2F 1-2: Strikes out swinging
|
Batting: RHB Justin Geiger
|
0-0: Ball 1-0: Called Strike 1-1: Ball 2-1: Ball 3-1: Foul Ball, location: 2F 3-2: Foul Ball, location: 2F 3-2: Ground out 5-3 (Groundball, 5S, EV 61.2 MPH)
|
Bottom of the 7th over - 0 runs, 0 hits, 0 errors, 0 left on base; Chicago (NYP) 4 - Vancouver 5 |
TOP OF THE 8TH |
Chicago (NYP) White Sox batting - Pitching for Vancouver Canadians : LHP Justin Dine
|
Now at 1B: Kyle Scruggs
|
|
Batting: LHB Brandon Hopper
|
0-0: Foul Ball, location: 2F 0-1: Swinging Strike 0-2: Ball 1-2: Strikes out swinging
|
Pinch Hitting: RHB Mike Zern
|
0-0: Swinging Strike 0-1: Ball 1-1: Ball 2-1: Foul Ball, location: 2F 2-2: Foul Ball, location: 2F 2-2: Foul Ball, location: 2F 2-2: Ball 3-2: SOLO HOME RUN (Flyball, 7D, EV 97.5 MPH), Distance : 382 ft
|
Pitching: RHP D.J. Wallace
|
|
Batting: LHB Jason Bell
|
0-0: Called Strike 0-1: Swinging Strike 0-2: Foul Ball, location: 2F 0-2: Ground out U3 (Groundball, 3L, EV 81.2 MPH)
|
Batting: LHB Ray Walden
|
0-0: Ball 1-0: Swinging Strike 1-1: Ball 2-1: Ball 3-1: Swinging Strike 3-2: Base on Balls
|
Batting: RHB Victor Orozco
|
0-0: Foul Ball, location: 2F 0-1: Foul Ball, location: 2F 0-2: Fly out, F9 (Flyball, 9LM, EV 88.8 MPH)
|
Top of the 8th over - 1 run, 1 hit, 0 errors, 1 left on base; Chicago (NYP) 5 - Vancouver 5 |
BOTTOM OF THE 8TH |
Vancouver Canadians batting - Pitching for Chicago (NYP) White Sox : LHP Wang Jing
|
Pitching: RHP Jose Vigil
|
|
Now at 1B: Mike Zern
|
|
Batting: RHB Bryan Peterson
|
0-0: Ball 1-0: Called Strike 1-1: Foul Ball, location: 2F 1-2: Ball 2-2: Ground out 5-3 (Groundball, 15, EV 84.4 MPH)
|
Pinch Hitting: LHB Curt Maxwell
|
0-0: Called Strike 0-1: Hit by Pitch
|
Pinch Hitting: LHB Adam Santarelli
|
0-0: Ball Wild Pitch! Curt Maxwell to second 1-0: Intentional Walk
|
Batting: RHB Justin Powell
|
0-0: Called Strike 0-1: TRIPLE (Flyball, 7D, EV 90.6 MPH) Curt Maxwell scores Adam Santarelli scores
|
Batting: RHB Brian Manson
|
0-0: Ball 1-0: Ball 2-0: Ball 3-0: Base on Balls
|
Batting: RHB Jordan Fairburn
|
0-0: Called Strike Brian Manson steals 2nd base 0-1: Foul Ball, location: 2F 0-2: Fly out, F9 (Flyball, 9D, EV 103.1 MPH) Runner from 3rd tags up, SCORES, no throw by RF Brian Manson to third
|
Pitching: LHP Yusufu Mustafa
|
|
Batting: RHB Taylor Peavey
|
0-0: SINGLE (Line Drive, 4D, EV 98.1 MPH) Brian Manson scores
|
Batting: RHB Josh Swartzentruber
|
0-0: Called Strike 0-1: Ball 1-1: Ball 2-1: Ball 3-1: Base on Balls Taylor Peavey to second
|
Batting: RHB Kyle Scruggs
|
0-0: Ball 1-0: Foul Ball, location: 2F 1-1: Called Strike 1-2: Strikes out swinging
|
Bottom of the 8th over - 4 runs, 2 hits, 0 errors, 2 left on base; Chicago (NYP) 5 - Vancouver 9 |
TOP OF THE 9TH |
Chicago (NYP) White Sox batting - Pitching for Vancouver Canadians : RHP D.J. Wallace
|
Pitching: RHP Jean-Michel Hamon
|
|
Now at SS: Andy Bridger
|
|
Now in LF: Adam Santarelli
|
|
Batting: SHB Jason Bresnahan
|
0-0: Called Strike 0-1: Swinging Strike 0-2: Foul Ball, location: 2F 0-2: Strikes out swinging
|
Pinch Hitting: LHB James Groshong
|
0-0: Ball 1-0: Called Strike 1-1: Swinging Strike 1-2: Ball 2-2: Strikes out swinging
|
Batting: RHB Jeremy Hoffert
|
0-0: Ball 1-0: Swinging Strike 1-1: Ball 2-1: Foul Ball, location: 2F 2-2: Ball 3-2: SINGLE (Groundball, 6MD, EV 106.2 MPH)
|
Batting: RHB Emil Wilbrink
|
0-0: Ball 1-0: Swinging Strike 1-1: Ball 2-1: Foul Ball, location: 2F 2-2: Strikes out swinging
|
Top of the 9th over - 0 runs, 1 hit, 0 errors, 1 left on base; Chicago (NYP) 5 - Vancouver 9 |
|